 Dungeon Sprint DCSS version 0.30-a0-12-gd8047c6341 (webtiles) character file.

Game seed: 4323535568227449393

520 Hubris850 the Black Belt (level 7, -15/48 HPs)
             Began as a Merfolk Transmuter on Aug 23, 2022.
             Demolished by a boulder beetle (29 damage)
             ... in the Dungeon (Sprint II: "The Violet Keep of Menkaure").
             The game lasted 00:01:37 (459 turns).

Hubris850 the Black Belt (Merfolk Transmuter)        Turns: 459, Time: 00:01:38

Health: -15/48     AC:  2    Str: 13    XL:     7   Next: 21%
Magic:  8/10       EV: 12    Int: 10    God:
Gold:   486        SH:  0    Dex: 14    Spells: 3/10 levels left

rFire   . . .      SeeInvis .      - Unarmed
rCold   . . .      Faith    .    (no shield)
rNeg    . . .      Spirit   .    a - +0 robe
rPois   .          Reflect  .    (helmet currently unavailable)
rElec   .          Harm     .    (no cloak)
rCorr   .          Rampage  .    (no gloves)
Will    .....      NoTele   +    (boots currently unavailable)
Stlth   +.........               (no amulet)
HPRegen 0.16/turn                (no ring)
MPRegen 0.12/turn                (no ring)

@: appendages (expiring), wereblooded, hasted, unable to read, very quick
A: horns 2, (nimble swimmer 2), mertail, dopey 1, screaming 2, inability to read
after injury 1
a: End Transformation


You were in the Dungeon.
You had temporarily grown beastly horns.
You visited 1 branch You collected 486 gold pieces.

Inventory:

Armour
 a - a +0 robe (worn)
Scrolls
 h - a scroll of blinking
Potions
 b - a potion of lignification
 c - a potion of curing
 d - a potion of heal wounds
 f - 2 potions of magic


   Skills:
 - Level 1.1 Fighting
 - Level 2.6 Dodging
 - Level 16.3 Unarmed Combat
 + Level 2.0 Spellcasting
 + Level 2.6 Transmutations
 + Level 0.0 Ice Magic


You had 3 spell levels left.
You knew the following spells:

 Your Spells              Type           Power      Damage    Failure   Level
a - Beastly Appendage     Tmut           12%        N/A       11%         1
b - Wereblood             Tmut           6%         N/A       16%         2
c - Ice Form              Ice/Tmut       3%         N/A       87%         4

Your spell library contained the following spells:

 Spells                   Type           Power      Damage    Failure   Level
 Spider Form              Tmut/Pois      3%         N/A       47%         3


Dungeon Overview and Level Annotations

Branches:
Dungeon (1/1)

Altars:


Innate Abilities, Weirdness & Mutations

You have temporarily grown beastly horns.
((You are very nimble when in or above water. (Stealth+, EV+, Speed+++)))
Your lower body shifts to a powerful aquatic tail in water.
You are dopey. (Int -2)
You frequently scream uncontrollably at your foes.
You occasionally lose the ability to read scrolls when taking damage.


Message History

Confirm with . or Enter, or press ? or * to list all spells.
Your blood is infused with primal strength.
You open the door.
You howl at the boulder beetle! 2 boulder beetles come into view.
You howl at the boulder beetle!
Your transformation is almost over.
The boulder beetle waves its antennae.
The boulder beetle leaps!
Found 243 gold pieces.
You feel yourself speed up.
The boulder beetle curls into a ball and begins rolling!
The boulder beetle closely misses you.
The boulder beetle stops rolling and uncurls.
There is an open door here.
You hit the boulder beetle but do no damage.
Your punch misses the boulder beetle. You punch the boulder beetle!
The boulder beetle is lightly wounded.
The boulder beetle curls into a ball and begins rolling!
The boulder beetle leaps!
You see here 243 gold pieces.
The boulder beetle bites you.
You punch the boulder beetle! Your punch misses the boulder beetle.
The boulder beetle is moderately wounded.
You punch the boulder beetle!
You headbutt the boulder beetle, but do no damage.
The boulder beetle is heavily wounded.
The boulder beetle bites you!!
You pummel the boulder beetle!!
You headbutt the boulder beetle, but do no damage.
The boulder beetle is severely wounded.
You hit the boulder beetle but do no damage.
The boulder beetle is severely wounded.
The boulder beetle hits you.
* * * LOW HITPOINT WARNING * * *
The boulder beetle stops rolling and uncurls.
The boulder beetle bites you!!
You feel threatened and lose the ability to read scrolls!
Ouch! That really hurt!
You die...

### ##
#.###+# #.##
###.##.##...#
+.##'.<°°###+
#...##○##B@B#
##.###'###.##
####...####
#..##.# ###
##


You could see 2 boulder beetles.

Vanquished Creatures
  4 neqoxecs (D)
  3 worms (D)
7 creatures vanquished.

Notes
Turn   | Place    | Note
-------+----------+-------------------------------------------
     0 | D        | Hubris850 the Merfolk Transmuter began the quest for the
                  | Orb.
     0 | D        | Reached XP level 1. HP: 15/15 MP: 3/3
     9 | D        | Reached skill level 4 in Unarmed Combat
    17 | D        | Reached skill level 5 in Unarmed Combat
    17 | D        | Reached XP level 2. HP: 15/21 MP: 5/5
   263 | D        | Learned a level 2 spell: Wereblood
   265 | D        | Noticed a neqoxec
   265 | D        | Noticed a neqoxec
   265 | D        | Noticed a neqoxec
   265 | D        | Noticed a neqoxec
   267 | D        | Gained mutation: You occasionally shout uncontrollably at
                  | your foes. [a neqoxec]
   271 | D        | Killed a neqoxec
   272 | D        | Reached skill level 11 in Unarmed Combat
   272 | D        | Reached XP level 3. HP: 26/26 MP: 2/6
   272 | D        | Reached XP level 4. HP: 32/32 MP: 2/7
   272 | D        | Reached XP level 5. HP: 37/37 MP: 2/8
   274 | D        | Gained mutation: You frequently scream uncontrollably at
                  | your foes. [a neqoxec]
   275 | D        | Killed a neqoxec
   276 | D        | Reached skill level 13 in Unarmed Combat
   276 | D        | Reached XP level 6. HP: 39/43 MP: 2/9
   276 | D        | Gained mutation: You are dopey. (Int -2) [a neqoxec]
   279 | D        | Gained mutation: You occasionally lose the ability to read
                  | scrolls when taking damage. [a neqoxec]
   280 | D        | Killed a neqoxec
   281 | D        | Reached skill level 15 in Unarmed Combat
   282 | D        | Killed a neqoxec
   283 | D        | Reached skill level 16 in Unarmed Combat
   283 | D        | Reached XP level 7. HP: 32/48 MP: 3/10
   447 | D        | Learned a level 4 spell: Ice Form
   449 | D        | Noticed a boulder beetle
   449 | D        | Noticed a boulder beetle
   459 | D        | Demolished by a boulder beetle

Illustrated notes

Levels and vault maps discovered:
D:        the_violet_keep_of_menkaure [sprint2_stairs_cluster_1,
          sprint2_shoproom, sprint2_temple, sprint2_basic_supplies,
          sprint2_obstacle_1, sprint2_obstacle_2, sprint2_obstacle_5,
          sprint2_obstacle_3, sprint2_obstacle_7, sprint2_timed_cluster_1,
          sprint2_smallroom_cluster_1, sprint2_smallroom_final_cluster_1,
          sprint2_transparent_cluster_1, sprint2_second_timed_cluster_1,
          sprint2_sniper_area_1, sprint2_heavy_combat_area_1,
          sprint2_mutation_trap_area_1, sprint2_forest_area_1,
          sprint2_light_combat_area_1, sprint2_behind_water_1,
          sprint2_near_end_vault_1]

Skill      XL: |  1  2  3  4  5  6 |
---------------+-------------------+-----
Unarmed Combat | 5 11 13 16 | 16.3
Fighting       | |  1.1
Dodging        | |  2.6
Spellcasting   | |  2.0
Transmutations | |  2.6

Action                   |  1- 3 |  4- 6 |  7- 9 || total
-------------------------+-------+-------+-------++-------
Melee: Unarmed           |    20 |    10 |     6 ||    36
       Headbutt          |     5 |     2 |     2 ||     9
 Cast: Beastly Appendage |     2 |       |     1 ||     3
       Wereblood         |     1 |       |     1 ||     2
  Use: Potion            |     1 |       |     1 ||     2
Dodge: Dodged            |     4 |     4 |     1 ||     9

Table legend: (Time is in decaauts)
 A = Elapsed time spent in this place.
 B = Non-inter-level travel time spent in this place.
 C = Inter-level travel time spent in this place.
 D = Time resting spent in this place.
 E = Time spent auto-exploring this place.
 F = Levels seen in this place.
 G = Mean time per level.
                   A        B        C        D        E       F      G
               +--------+--------+--------+--------+--------+-----+--------+
         Total |    457 |    457 |      0 |    372 |      0 |   1 |  457.0 |
       Dungeon |    457 |    457 |      0 |    372 |      0 |   1 |  457.0 |
               +--------+--------+--------+--------+--------+-----+--------+

Top non-repeatable levels by time:
       D: 457 daAuts
